 Dungeon Crawl Stone Soup version 0.25-a0-35-g747a2b3c0c (webtiles) character file.

Game seed: 4117246754178462155, levelgen mode: deterministic

3852 Esekla the Thaumaturge (level 9, -11/45 HPs)
             Began as a Deep Elf Wizard on Oct 18, 2019.
             Was an Initiate of Gozag.
             Mangled by a two-headed ogre
             ... wielding a +0 giant club
              (15 damage)
             ... on level 11 of the Dungeon on Oct 19, 2019.
             The game lasted 01:46:38 (9931 turns).

Esekla the Thaumaturge (Deep Elf Wizard)            Turns: 9931, Time: 01:46:42

Health: -11/45     AC: 14    Str: 16    XL:     9   Next: 99%
Magic:  15/24      EV: 14    Int: 23    God:    Gozag
Gold:   630        SH:  6    Dex: 14    Spells: 14/26 levels left

rFire    + . .     SeeInvis .   e - +3 dagger (elec)
rCold    . . .     Gourm    .   F - +2 buckler
rNeg     + . .     Faith    .   y - +2 robe {rF+}
rPois    +         Spirit   .   b - +0 hat
rElec    .         Reflect  .   C - +2 ratskin cloak {+Rats rPois rN+ Str-1 Int-1 Dex+1}
rCorr    .         Harm     .   (no gloves)
MR       .....                  (no boots)
Stlth    ++........             E - amulet of magic regeneration
HPRegen  0.15/turn              D - +5 ring of strength
MPRegen  0.44/turn              B - +5 ring of strength

@: icy armour, gold aura
A: no striking features
a: Potion Petition, Call Merchant, Bribe Branch, Renounce Religion, Evoke
Ratskin


You were on level 11 of the Dungeon.
You worshipped Gozag.
Gozag was pleased with you.
You were not hungry.

You visited 2 branches of the dungeon, and saw 11 of its levels.

You collected 1083 gold pieces.
You spent 385 gold pieces at shops.
You paid 68 gold pieces to Gozag.

Inventory:

Hand Weapons
 a - a +0 long sword
 e - a +3 dagger of electrocution (weapon)
 l - a +3 dagger
 x - a +0 trident
Missiles
 p - 17 boomerangs (quivered)
Armour
 b - a +0 hat (worn)
 t - a +2 leather armour of fire resistance
 y - a +2 robe of fire resistance (worn)
 C - the +2 ratskin cloak (worn) {+Rats rPois rN+ Str-1 Int-1 Dex+1}
   (You found it on level 6 of the Dungeon)

   It affects your strength (-1).
   It affects your intelligence (-1).
   It affects your dexterity (+1).
   It protects you from poison.
   It protects you from negative energy.
 F - a +2 buckler (worn)
Jewellery
 n - an uncursed ring of protection from cold
 r - an uncursed ring of positive energy
 B - a +5 ring of strength (right hand)
 D - a +5 ring of strength (left hand)
 E - an amulet of magic regeneration (around neck)
Wands
 A - a wand of acid (5)
 G - a wand of paralysis (6)
Scrolls
 c - 5 scrolls of teleportation
 f - 4 scrolls of remove curse
 j - a scroll of magic mapping {unknown}
 k - 2 scrolls of fog
 v - a scroll of amnesia
 J - a scroll of silence {unknown}
Potions
 g - 3 potions of curing
 h - a potion of mutation {unknown}
 i - 2 potions of haste
 m - 2 potions of resistance
 o - 3 potions of flight
 q - a potion of brilliance
 u - a potion of degeneration {unknown}
 w - a potion of lignification {unknown}
 z - a potion of magic
 I - 2 potions of heal wounds {unknown}
Comestibles
 d - 11 rations


   Skills:
 + Level 3.3 Short Blades
 - Level 2.0 Armour
 + Level 4.4 Dodging
 - Level 3.0 Stealth
 * Level 1.6 Shields
 + Level 9.1 Spellcasting
 * Level 6.8 Conjurations
 * Level 5.0 Charms
   Level 1.1 Summonings
 + Level 3.8 Translocations
 + Level 1.2 Fire Magic
 * Level 3.0 Ice Magic
 * Level 5.8 Air Magic
 + Level 4.3 Poison Magic


You had 14 spell levels left.
You knew the following spells:

 Your Spells              Type           Power        Failure   Level  Hunger
a - Magic Dart            Conj           ####         1%          1    None
b - Blink                 Tloc           N/A          2%          2    None
c - Mephitic Cloud        Conj/Pois/Air  #####...     2%          3    None
f - Conjure Flame         Conj/Fire      ####....     4%          3    None
z - Ozocubu's Armour      Chrm/Ice       ####....     4%          3    None

Your spell library contained the following spells:

 Spells                   Type           Power        Failure   Level  Hunger
 Throw Frost              Conj/Ice       ####..       1%          2    None
 Freeze                   Ice            ###.         2%          1    None
 Summon Small Mammal      Summ           ###.         5%          1    None
 Beastly Appendage        Tmut           ##....       9%          1    None
 Call Imp                 Summ           ###.....     9%          2    None
 Spider Form              Tmut/Pois      ###.......   11%         3    None
 Throw Icicle             Conj/Ice       ####....     11%         4    ##.....
 Slow                     Hex            ##......     13%         2    None
 Sticks to Snakes         Tmut           ##......     13%         2    None
 Call Canine Familiar     Summ           ###.....     16%         3    None
 Summon Guardian Golem    Hex/Summ       ##......     21%         3    None
 Summon Lightning Spire   Summ/Air       ####....     21%         4    ##.....
 Summon Ice Beast         Ice/Summ       ###.....     34%         4    ##.....
 Ice Form                 Ice/Tmut       ###.....     41%         4    ##.....
 Blade Hands              Tmut           ##........   93%         5    ####...


Dungeon Overview and Level Annotations

Branches:
Dungeon (12/15)            Temple (1/1) D:5
   Lair: D:8-11         Orc: D:9-12

Altars:
Ashenzari
Cheibriados
Dithmenos
Elyvilon
Fedhas
Gozag
Hepliaklqana
Kikubaaqudgha
Makhleb
Nemelex Xobeh
Okawaru
Qazlal
Ru
Sif Muna
Trog
Uskayaw
Vehumet
Wu Jian
Xom
Yredelemnul
Zin
The Shining One

Shops:
D:5 :   D:7 }(%

Annotations:
D:12 Gastronok


Message History

Confirm with . or Enter, or press ? or * to list all spells.
Aiming: Mephitic Cloud (safe; 2% risk of failure)
Press: ? - help, Shift-Dir - straight line, f - two-headed ogre
Aim: a two-headed ogre, wielding a +0 giant club and a +0 giant spiked club The ball explodes into a vile cloud!
The stinking cloud engulfs the two-headed ogre but does no damage.
The stinking cloud engulfs the centaur skeleton but does no damage.
You hear a loud, deep croak!
The two-headed ogre is engulfed in noxious fumes.
Casting: Mephitic Cloud (safe; 2% risk of failure)
Confirm with . or Enter, or press ? or * to list all spells.
A film of ice covers your body!
You puncture the two-headed ogre!
The two-headed ogre is lightly wounded.
The two-headed ogre is engulfed in blazing flames.
The two-headed ogre hits you with a +0 giant club!!
* * * LOW HITPOINT WARNING * * *
The two-headed ogre hits you with a +0 giant spiked club!
You die...
Your body crumbles into a pile of gold.

#. #. #. #.# #. #.# #.
#.# #.#### # ..######
#.... ...
.......#######>####....#
.....>.+.......§@OZ.....
............##.###○☼....
.....#####..##.# .....
.....#?(?#.....# ....
≈≈≈..#$>}#..#### #.#
≈≈≈..#)$}#..# .
≈≈≈..#####..#
.≈≈.........+ $
............#


You could see a two-headed ogre and a centaur skeleton.

Vanquished Creatures
  A two-headed ogre (D:8)
  Duvessa (D:5)
  2 sky beasts (D:4)
  An orc warrior (D:7)
  2 ice beasts
  3 ogres
  2 phantoms (D:5)
  2 black bears
  A necrophage (D:7)
  2 centaurs
  Blork the orc (D:5)
  6 bullfrogs
  Dowan (D:5)
  A scorpion (D:6)
  2 crimson imps
  A bullfrog zombie (D:8)
  A quasit (D:8)
  2 hounds (D:5)
  A jelly (D:7)
  4 orc priests
  A bullfrog skeleton (D:8)
  A centaur skeleton (D:4)
  An iguana (D:7)
  7 orc wizards
  9 worker ants
  A hell rat (D:6)
  A hound zombie (D:5)
  2 hound skeletons
  6 gnolls
  6 river rats (D:6)
  9 adders
  2 shadow imps
  3 oozes
  2 worms
  2 dart slugs
  5 leopard geckos
  29 orcs
  3 ball pythons (D:1)
  3 giant cockroaches
  7 goblins
  7 hobgoblins
  9 jackals
  7 quokkas
  6 bats
  9 frilled lizards
  8 kobolds
  A leopard gecko skeleton (D:4)
  2 leopard gecko zombies (D:7)
  A quokka zombie (D:7)
  22 rats
209 creatures vanquished.

Notes
Turn   | Place    | Note
-------+----------+-------------------------------------------
     0 | D:1      | Esekla the Deep Elf Wizard began the quest for the Orb.
     0 | D:1      | Reached XP level 1. HP: 10/10 MP: 7/7
   208 | D:1      | Reached XP level 2. HP: 13/15 MP: 3/9
   212 | D:1      | Learned a level 2 spell: Blink
   525 | D:1      | Reached skill level 5 in Spellcasting
   712 | D:2      | Reached XP level 3. HP: 13/19 MP: 0/11
   717 | D:2      | Learned a level 3 spell: Mephitic Cloud
   721 | D:2      | Learned a level 3 spell: Conjure Flame
   919 | D:2      | Reached XP level 4. HP: 20/24 MP: 9/13
  1939 | D:2      | Reached XP level 5. HP: 24/28 MP: 4/15
  2352 | D:3      | Reached skill level 1 in Poison Magic
  2820 | D:2      | Reached skill level 1 in Air Magic
  3264 | D:3      | Reached skill level 1 in Short Blades
  3287 | D:3      | Reached XP level 6. HP: 16/32 MP: 0/16
  3545 | D:4      | Reached skill level 6 in Spellcasting
  4202 | D:4      | Reached XP level 7. HP: 24/36 MP: 6/18
  4605 | D:5      | Entered Level 5 of the Dungeon
  4722 | D:5      | Found Huungets's Book Shop.
  5376 | D:4      | Reached skill level 1 in Armour
  5571 | D:5      | Noticed Duvessa
  5653 | D:5      | Found a staircase to the Ecumenical Temple.
  5671 | D:5      | Reached skill level 5 in Conjurations
  5676 | D:5      | Reached skill level 7 in Spellcasting
  5729 | Temple   | Entered the Ecumenical Temple
  5948 | Temple   | Became a worshipper of Gozag Ym Sagoz the Greedy
  6205 | D:5      | Reached XP level 8. HP: 30/41 MP: 12/20
  6321 | D:5      | Noticed Blork the orc
  6391 | D:5      | HP: 2/41 [phantom (2)]
  6637 | D:5      | Killed Blork the orc
  6648 | D:5      | Noticed Dowan
  7561 | D:5      | Killed Duvessa
  7586 | D:5      | Killed Dowan
  7777 | D:6      | Reached skill level 8 in Spellcasting
  7804 | D:6      | Found a hide-covered altar of Uskayaw.
  7811 | D:6      | Found a hazy altar of Hepliaklqana.
  8037 | D:6      | Found the +2 ratskin cloak {+Rats rPois rN+ Str-1 Int-1
                  | Dex+1}
  8313 | D:5      | Bought a book of Frost for 385 gold pieces
  8317 | D:5      | Learned a level 3 spell: Ozocubu's Armour
  8379 | D:6      | Found a shattered altar of Ashenzari.
  8379 | D:6      | Found a glowing silver altar of Zin.
  8404 | D:6      | Found a snail-covered altar of Cheibriados.
  8406 | D:6      | Found a shadowy altar of Dithmenos.
  8407 | D:6      | Found a sparkling altar of Nemelex Xobeh.
  8487 | D:6      | Reached XP level 9. HP: 42/45 MP: 14/23
  8823 | D:7      | Found Vaellada's Gadget Shoppe.
  8875 | D:7      | Reached skill level 1 in Ice Magic
  8886 | D:7      | Reached skill level 1 in Charms
  8991 | D:7      | Found Xelerghal's Weapon Shoppe.
  9273 | D:7      | Reached skill level 5 in Air Magic
  9323 | D:7      | Found Hayton's Food Shoppe.
  9802 | D:8      | Noticed a two-headed ogre
  9832 | D:8      | Killed a two-headed ogre
  9832 | D:8      | Reached skill level 1 in Shields
  9832 | D:8      | Reached skill level 9 in Spellcasting
  9832 | D:8      | Reached skill level 1 in Fire Magic
  9884 | D:8      | You fall into a shaft and drop 3 floors!
  9904 | D:12     | Noticed Gastronok
  9922 | D:11     | Noticed a two-headed ogre
  9928 | D:11     | Reached skill level 5 in Charms
  9931 | D:11     | Mangled by a two-headed ogre

Levels and vault maps discovered:
D:1:      dpeg_arrival_rooms_a, layout_rooms
D:2:      layout_loops_ring, hangedman_decor_points,
          chequers_serial_rivers_room_a
D:3:      layout_basic
D:4:      layout_loops_cross
D:5:      layout_loops_ring, minmay_temple_entry_statues_fountains,
          serial_shops, kennysheep_mini_moat, first_ration, uniq_duvessa,
          uniq_blork_the_orc
D:6:      wander_guarded_unrand_ratskin, layout_rooms,
          chequers_temple_overflow_minitemple, grunt_temple_overflow_open
D:7:      layout_loops_ring, serial_shops, shop, shop, shop
D:8:      layout_cave_pools, basic_altar, minmay_misc_feat_alley
D:11:     layout_basic, gammafunk_ghost_wrathful_warriors, minivault_24,
          nicolae_straight_to_the_point
D:12:     layout_basic, david_orc_1_choice, chequers_garden, dk_noncrumbling_3,
          minmay_fractal_squares_gapless_7, uniq_gastronok
Temple:   regret_index_temple_generic_petals

Skill      XL: |  1  2  3  4  5  6  7  8  9 |
---------------+----------------------------+-----
Spellcasting   | 5 6 7 8 9 |  9.1
Conjurations   | 2 3 4 5 6 |  6.8
Translocations | 2 3 |  3.8
Stealth        | 3 |  3.0
Poison Magic   | 1 2 4 |  4.3
Air Magic      | 1 2 3 4 5 |  5.8
Short Blades   | 1 2 3 |  3.3
Dodging        | 3 4 |  4.4
Armour         | 1 2 |  2.0
Ice Magic      | 3 |  3.0
Charms         | 5 |  5.0
Shields        | 1 |  1.6
Fire Magic     | 1 |  1.2
Summonings     | |  1.1

Action                   |  1- 3 |  4- 6 |  7- 9 || total
-------------------------+-------+-------+-------++-------
Melee: Short sword       |     7 |       |       ||     7
       Dagger            |       |    75 |   321 ||   396
       Trident           |       |       |    69 ||    69
Throw: Boomerang         |       |    16 |    61 ||    77
 Cast: Magic Dart        |    67 |   102 |   134 ||   303
       Mephitic Cloud    |       |    12 |    37 ||    49
       Blink             |       |    10 |    19 ||    29
       Conjure Flame     |       |     5 |    20 ||    25
       Ozocubu's Armour  |       |       |    10 ||    10
Invok: Potion Petition   |       |       |     1 ||     1
  Use: Scroll            |       |     1 |    10 ||    11
 Stab: Sleeping          |     2 |     4 |     8 ||    14
       Confused          |       |     5 |    12 ||    17
       Distracted        |       |       |     4 ||     4
  Eat: Chunk             |       |     9 |       ||     9
       Ration            |       |       |     6 ||     6
Armor: Robe              |     4 |    17 |    33 ||    54
       Leather armour    |       |       |    41 ||    41
Dodge: Dodged            |    24 |    73 |   174 ||   271
Block: Buckler           |       |       |    27 ||    27

Table legend:
 A = Non-vault XP
 B = Vault XP
 C = Vault XP percentage of total XP
 D = Non-vault monster count
 E = Vault monster count
 F = Vault count percentage of total count
                 A         B        C        D         E       F
            +---------+---------+-------+---------+---------+-------
      Total |    5075 |     429 |   7.8 |     185 |      24 |  11.5
            +---------+---------+-------+---------+---------+-------
        D:1 |      48 |       0 |   0.0 |      26 |       0 |   0.0
        D:2 |     156 |       0 |   0.0 |      20 |       0 |   0.0
        D:3 |     318 |       0 |   0.0 |      35 |       0 |   0.0
        D:4 |     642 |       0 |   0.0 |      20 |       0 |   0.0
        D:5 |     655 |     317 |  32.6 |      15 |       3 |  16.7
        D:6 |     633 |     112 |  15.0 |      21 |      21 |  50.0
        D:7 |     897 |       0 |   0.0 |      29 |       0 |   0.0
        D:8 |    1598 |       0 |   0.0 |      18 |       0 |   0.0
       D:11 |     128 |       0 |   0.0 |       1 |       0 |   0.0
            +---------+---------+-------+---------+---------+-------
